 Dungeon Crawl Stone Soup version 0.29-a0-553-g81b289dbe5 (webtiles) character file.

Game seed: 6377012350431742581

2553 spaghetti the Grappler (level 9, -9/74 HPs)
             Began as a Gnoll Berserker on June 6, 2022.
             Was a High Priest of Trog.
             Mangled by an orc warrior
             ... wielding a +0 bardiche
              (22 damage)
             ... in a bailey.
             The game lasted 00:10:11 (6534 turns).

spaghetti the Grappler (Gnoll Berserker)            Turns: 6534, Time: 00:10:11

Health: -9/74      AC:  8    Str: 22    XL:     9   Next: 56%
Magic:  15/15      EV: 13    Int: 13    God:    Trog [*****.]
Gold:   212        SH:  5    Dex: 11    Spells: 16/16 levels left

rFire   . . .      SeeInvis .   b - +7 war axe of the Sharing Asp {vorpal, rPois Int+7, axe}
rCold   . . .      Faith    +   p - +1 buckler {AC+3}
rNeg    . . .      Spirit   .   r - +0 animal skin
rPois   +          Reflect  .   o - +0 helmet
rElec   .          Harm     .   j - scarf {repulsion}
rCorr   .          Rampage  .   (no gloves)
Will    .....                   E - +0 pair of boots
Stlth   ++........              x - amulet of faith {!P}
HPRegen 0.22/turn               k - +4 ring of slaying
MPRegen 0.14/turn               (no ring)

@: repel missiles
A: fangs 1, strong nose, distributed training
a: Renounce Religion, Berserk, Trog's Hand, Brothers in Arms


You were in a bailey.
You worshipped Trog.
Trog was extremely pleased with you.
You visited 1 branch of the dungeon, and saw 7 of its levels.
You also visited: Ossuary and Bailey.

You collected 377 gold pieces.
You spent 165 gold pieces at shops.


Innate Abilities, Weirdness & Mutations

You have very sharp teeth.
Your uncanny sense of smell can sniff out nearby items.
Your experience applies equally to all skills.


   Skills:
 + Level 8.0 Fighting
 + Level 4.3 Short Blades
 + Level 4.3 Long Blades
 + Level 4.3 Axes
 + Level 4.3 Maces & Flails
 + Level 4.3 Polearms
 + Level 4.3 Staves
 + Level 4.3 Slings
 + Level 4.3 Bows
 + Level 4.3 Crossbows
 + Level 4.3 Throwing
 + Level 6.4 Armour
 + Level 6.4 Dodging
 + Level 4.3 Stealth
 + Level 4.3 Shields
 + Level 8.0 Unarmed Combat
 + Level 4.3 Spellcasting
 + Level 3.6 Conjurations
 + Level 3.6 Hexes
 + Level 3.6 Summonings
 + Level 3.6 Necromancy
 + Level 3.6 Translocations
 + Level 3.6 Transmutations
 + Level 3.6 Fire Magic
 + Level 3.6 Ice Magic
 + Level 3.6 Air Magic
 + Level 3.6 Earth Magic
 + Level 3.6 Poison Magic
 + Level 4.8 Invocations
 + Level 4.3 Evocations


You had 16 spell levels left.
You didn't know any spells.
Your spell library contained the following spells:

 Spells                   Type           Power      Damage    Failure   Level
 Freezing Cloud           Conj/Ice/Air   6%         6-21      85%         5
 Simulacrum               Ice/Necr       6%         N/A       100%        6
 Polar Vortex             Ice            6%         N/A       100%        9

Inventory:

Hand Weapons
 a - the +6 hunting sling of the Beast {speed, rCorr, sling}
   (You found it on level 4 of the Dungeon)

   Attacks with this weapon are significantly faster.
   rCorr:     It protects you from acid and corrosion.
 b - the +7 war axe of the Sharing Asp (weapon) {vorpal, rPois Int+7, axe}
   (You found it on level 4 of the Dungeon)

   It inflicts extra damage upon your enemies.
   Int:       It affects your intelligence (+7).
   rPois:     It protects you from poison.
Missiles
 f - 10 poisoned darts {throwing}
 n - a throwing net {=f!fthrowing}
 s - 125 stones (quivered) {throwing}
Armour
 j - a scarf of repulsion (worn)
   (You found it on level 3 of the Dungeon)
 o - a +0 helmet (worn)
   (You took it off Robin on level 2 of the Dungeon)
 p - a +1 buckler of protection (worn)
   (You bought it in a shop on level 2 of the Dungeon)
 r - a +0 animal skin (worn)
 E - a +0 pair of boots (worn)
   (You found it on level 6 of the Dungeon)
Jewellery
 k - a +4 ring of slaying (left hand)
   (You found it on level 2 of the Dungeon)
 x - an amulet of faith (around neck) {!P}
   (You found it on level 4 of the Dungeon)
 C - an amulet of guardian spirit
   (You found it on level 6 of the Dungeon)
 F - a ring of resist corrosion
   (You found it on level 6 of the Dungeon)
Wands
 B - a wand of mindburst (13)
   (You found it on level 5 of the Dungeon)
 D - a wand of paralysis (11)
   (You found it on level 6 of the Dungeon)
Scrolls
 d - 4 scrolls of teleportation {@r4}
 e - a scroll of magic mapping {!r}
 g - 2 scrolls of vulnerability {!r!r}
 y - a scroll of enchant weapon
 z - a scroll of enchant armour
 A - 2 scrolls of immolation {!r!r}
Potions
 c - 2 potions of lignification {!q}
 h - a potion of cancellation
 i - 3 potions of heal wounds {@q2}
 l - 4 potions of ambrosia {unknown}
 m - 2 potions of mutation {unknown}
 q - 3 potions of curing {unknown}
 t - 3 potions of might {unknown}
 u - a potion of attraction {unknown}
 v - 2 potions of haste {unknown}
 w - 3 potions of flight {unknown}

Dungeon Overview and Level Annotations

Branches:
Dungeon (7/15)             Temple (0/1) D:5         Ossuary (visited)
 Bailey (1/1)

Altars:
Ashenzari
Dithmenos
Fedhas
Kikubaaqudgha

Shops:
D:1 [ D:2

[ ♣..≈≈≈≈≈.. ...≈≈≈≈..#
..≈≈≈≈≈..#∆
###.....≈≈≈≈...#
♣♣...♣♣..≈≈≈≈...##
......♣..≈≈≈≈....# #
........######...# 8# ∆
.∩.............O.#o.#∆∆
...........)....@'oo#∆∆
.................'o.#∆∆
.∩.......).......#o.#∆∆
........######...#.8# ∆
.........≈≈≈≈....# .#
♣♣....♣..≈≈≈≈.♣.## .o
###.....≈≈≈≈...# .o
##.♣..≈≈≈≈♣.. ∆ ###
#...≈≈≈≈≈♣


You could see 3 orc warriors, 4 orcs and a friendly two-headed ogre (summoned,
berserk).


Message History

No target in view!
No target in view!
No target in view!
No target in view!
No target in view!
Items here: )) [[ †.
Things that are here:
a +0 trident {polearm}; a +0 scale mail; an orc corpse You open the large door.
An orc comes into view. It is wielding a +0 halberd.
The orc shouts!
You hear a shout!
An orc comes into view. It is wielding a +0 trident.
You hear a shout! x2
There are monsters nearby!
You shoot a sling bullet.
The sling bullet hits the orc but does no damage.
You hear a shout!
The orc barely misses you.
You shoot a sling bullet. The sling bullet hits the orc.
An orc comes into view. It is wielding a +0 spear.
An orc warrior comes into view. It is wielding a +0 halberd.
An orc warrior comes into view. It is wielding a +0 bardiche.
You block the orc's attack.
You shoot a sling bullet. The orc warrior shouts!
The sling bullet hits the orc.
You kill the orc!
Trog accepts your kill.
You hear a shout!
An orc warrior comes into view. It is wielding a +0 halberd.
You hear a shout!
You shoot a sling bullet. The orc warrior shouts!
The sling bullet hits the orc warrior!
You hear a shout!
You block the orc warrior's attack. The orc misses you.
You hear a shout!
You shoot a sling bullet.
The sling bullet barely misses the orc warrior.
You block the orc warrior's attack.
An orc comes into view. It is wielding a +0 spear.
The orc completely misses you.
You shoot a sling bullet. The sling bullet hits the orc warrior.
The orc warrior closely misses you. You block the orc's attack.
You shoot a sling bullet. The sling bullet hits the orc warrior.
You shoot a sling bullet. The sling bullet hits the orc warrior!
The orc warrior misses you. The orc barely misses you. x2
You block the orc's attack.
You shoot a sling bullet. The sling bullet hits the orc warrior!
You kill the orc warrior!
Trog accepts your kill. The orc barely misses you.
Your Fighting skill increases to level 8!
Your Unarmed Combat skill increases to level 8!
You shoot a sling bullet. The sling bullet hits the orc warrior.
The orc closely misses you.
You shoot a sling bullet. The sling bullet hits the orc warrior!
The orc hits you but does no damage.
The orc warrior hits you from afar with a +0 halberd!
The orc warrior hits you from afar with a +0 bardiche!
You are too injured to fight recklessly!
You are too injured to fight recklessly!
You are too injured to fight recklessly!
You are too injured to fight recklessly!
You are too injured to fight recklessly!
You are too injured to fight recklessly!
You are too injured to fight recklessly!
You are too injured to fight recklessly!
You are too injured to fight recklessly!
You are too injured to fight recklessly!
You are too injured to fight recklessly!
You are too injured to fight recklessly!
You are too injured to fight recklessly!
You are too injured to fight recklessly!
You are too injured to fight recklessly!
You are too injured to fight recklessly!
You are too injured to fight recklessly! 😮 HP[-25]
You take 25 damage, and now have 49/74 hp.
MASSIVE DAMAGE!! (PAUSE)
You feel clever.
b - the +7 war axe of the Sharing Asp (weapon)
{vorpal, rPois Int+7, axe} You block the orc's attack.
The orc warrior hits you from afar with a +0 halberd!
* * * LOW HITPOINT WARNING * * *
The orc warrior hits you from afar with a +0 bardiche!
* * * LOW HITPOINT WARNING * * *
An orc comes into view. It is wielding a +0 trident.
You block the orc's attack. 😨 HP[-28]
You take 28 damage, and now have 21/74 hp.
MASSIVE DAMAGE!! (PAUSE)
Your two-headed ogre goes berserk!
The orc hits you from afar with a +0 spear.
* * * LOW HITPOINT WARNING * * *
An orc warrior comes into view. It is wielding a +0 halberd.
The orc warrior hits you from afar with a +0 halberd!
* * * LOW HITPOINT WARNING * * *
The orc warrior hits you from afar with a +0 bardiche!!
You die...

Skill      XL: |  1  2  3  4  5  6  7  8  9 |
---------------+----------------------------+-----
Invocations    | 1 2 3 4 |  4.8
Short Blades   | 1 2 3 4 |  4.3
Long Blades    | 1 2 3 4 |  4.3
Axes           | 1 2 3 4 |  4.3
Maces & Flails | 1 2 3 4 |  4.3
Polearms       | 1 2 3 4 |  4.3
Staves         | 1 2 3 4 |  4.3
Slings         | 1 2 3 4 |  4.3
Bows           | 1 2 3 4 |  4.3
Crossbows      | 1 2 3 4 |  4.3
Throwing       | 1 2 3 4 |  4.3
Stealth        | 1 2 3 4 |  4.3
Shields        | 1 2 3 4 |  4.3
Spellcasting   | 1 2 3 4 |  4.3
Evocations     | 1 2 3 4 |  4.3
Conjurations   | 1 2 3 |  3.6
Hexes          | 1 2 3 |  3.6
Summonings     | 1 2 3 |  3.6
Necromancy     | 1 2 3 |  3.6
Translocations | 1 2 3 |  3.6
Transmutations | 1 2 3 |  3.6
Fire Magic     | 1 2 3 |  3.6
Ice Magic      | 1 2 3 |  3.6
Air Magic      | 1 2 3 |  3.6
Earth Magic    | 1 2 3 |  3.6
Poison Magic   | 1 2 3 |  3.6
Armour         | 5 6 |  6.4
Dodging        | 5 6 |  6.4
Fighting       | 7 8 |  8.0
Unarmed Combat | 7 8 |  8.0

Action                   |  1- 3 |  4- 6 |  7- 9 || total
-------------------------+-------+-------+-------++-------
Melee: Unarmed           |    85 |   126 |    40 ||   251
       Bite              |     4 |     8 |     6 ||    18
       Punch             |     1 |     5 |       ||     6
       War axe           |       |       |    28 ||    28
 Fire: Hunting sling     |       |       |   188 ||   188
Throw: Stone             |       |    58 |     6 ||    64
Invok: Berserk           |     4 |     1 |     4 ||     9
       Brothers in Arms  |       |       |     1 ||     1
  Use: Potion            |       |     4 |       ||     4
       Scroll            |       |     3 |     5 ||     8
 Stab: Sleeping          |     1 |     3 |       ||     4
Armor: Animal skin       |    16 |    14 |    37 ||    67
Dodge: Dodged            |    62 |    68 |    59 ||   189
Block: Buckler           |       |     4 |    27 ||    31

Levels and vault maps discovered:
D:1:      amcnicky_arrival_wind_blow, layout_rooms,
          shapermc_ecumenical_altar_mp_urbaneastern, serial_shops, shop,
          minmay_pentomino_s2
D:2:      layout_loops_ring, serial_shops, shop, minmay_misc_feat_ornament,
          grunt_decor_one_mirror, uniq_robin
D:3:      layout_loops_ring, uniq_sigmund, uniq_natasha
D:4:      layout_loops_ring, fedhas_altar_fruit_tree, overflow_temple_1_default,
          mainiacjoe_overflow_surrounded_room, enter_ossuary_3,
          kennysheep_generic_room_10, uniq_ijyb
D:5:      layout_basic, minmay_temple_entry_junction, ebering_ghost_inner_flame
D:6:      layout_basic, lemuel_crystal_altar, fountainhead
D:7:      layout_basic, enter_bailey_2, columned_hall_lemuel,
          minmay_manual_moon, uniq_joseph
Bailey:   bailey_polearm_elven_captive_hellmonk, bailey

Notes
Turn   | Place    | Note
-------+----------+-------------------------------------------
     0 | D:1      | spaghetti the Gnoll Berserker began the quest for the Orb.
     0 | D:1      | Reached XP level 1. HP: 23/23 MP: 1/1
     0 | D:1      | magus.rc [v1.9.6]
    64 | D:1      | Reached XP level 2. HP: 16/29 MP: 2/2
    74 | D:1      | Found Wuroipat's Armour Shop.
   456 | D:1      | Reached XP level 3. HP: 28/35 MP: 3/3
   603 | D:1      | Found a faded altar of an unknown god.
   659 | D:1      | Reached ** piety under Trog
   860 | D:1      | Reached skill level 1 in Invocations
   915 | D:2      | Noticed Robin
   920 | D:2      | Killed Robin
   921 | D:2      | Reached skill level 1 in Short Blades
   921 | D:2      | Reached skill level 1 in Long Blades
   921 | D:2      | Reached skill level 1 in Axes
   921 | D:2      | Reached skill level 1 in Maces & Flails
   921 | D:2      | Reached skill level 1 in Polearms
   921 | D:2      | Reached skill level 1 in Staves
   921 | D:2      | Reached skill level 1 in Slings
   921 | D:2      | Reached skill level 1 in Bows
   921 | D:2      | Reached skill level 1 in Crossbows
   921 | D:2      | Reached skill level 1 in Throwing
   921 | D:2      | Reached skill level 1 in Stealth
   921 | D:2      | Reached skill level 1 in Shields
   921 | D:2      | Reached skill level 1 in Spellcasting
   921 | D:2      | Reached skill level 1 in Evocations
   958 | D:2      | Reached XP level 4. HP: 41/41 MP: 5/5
  1330 | D:2      | Reached skill level 1 in Conjurations
  1330 | D:2      | Reached skill level 1 in Hexes
  1330 | D:2      | Reached skill level 1 in Summonings
  1330 | D:2      | Reached skill level 1 in Necromancy
  1330 | D:2      | Reached skill level 1 in Translocations
  1330 | D:2      | Reached skill level 1 in Transmutations
  1330 | D:2      | Reached skill level 1 in Fire Magic
  1330 | D:2      | Reached skill level 1 in Ice Magic
  1330 | D:2      | Reached skill level 1 in Air Magic
  1330 | D:2      | Reached skill level 1 in Earth Magic
  1330 | D:2      | Reached skill level 1 in Poison Magic
  1364 | D:2      | Found Semabb's Armour Boutique.
  1875 | D:3      | Noticed Natasha
  1881 | D:3      | Killed Natasha
  1882 | D:3      | Reached XP level 5. HP: 47/47 MP: 5/7
  1952 | D:3      | Reached *** piety under Trog
  2459 | D:3      | Noticed Sigmund
  2463 | D:3      | Killed Sigmund
  2464 | D:3      | Reached skill level 2 in Short Blades
  2464 | D:3      | Reached skill level 2 in Long Blades
  2464 | D:3      | Reached skill level 2 in Axes
  2464 | D:3      | Reached skill level 2 in Maces & Flails
  2464 | D:3      | Reached skill level 2 in Polearms
  2464 | D:3      | Reached skill level 2 in Staves
  2464 | D:3      | Reached skill level 2 in Slings
  2464 | D:3      | Reached skill level 2 in Bows
  2464 | D:3      | Reached skill level 2 in Crossbows
  2464 | D:3      | Reached skill level 2 in Throwing
  2464 | D:3      | Reached skill level 5 in Armour
  2464 | D:3      | Reached skill level 5 in Dodging
  2464 | D:3      | Reached skill level 2 in Stealth
  2464 | D:3      | Reached skill level 2 in Shields
  2464 | D:3      | Reached skill level 2 in Spellcasting
  2464 | D:3      | Reached skill level 2 in Invocations
  2464 | D:3      | Reached skill level 2 in Evocations
  2464 | D:3      | Reached XP level 6. HP: 53/53 MP: 7/9
  2683 | D:2      | Bought a +1 buckler of protection for 165 gold pieces
  2910 | D:3      | Noticed Natasha
  2919 | D:3      | Killed Natasha
  3046 | D:4      | Reached XP level 7. HP: 58/59 MP: 10/10
  3108 | D:4      | Found a shadowy altar of Dithmenos.
  3135 | D:4      | Found a sand-covered staircase.
  3147 | D:4      | Identified the +6 hunting sling of the Beast {speed, rCorr}
  3156 | Ossuary  | Entered an ossuary
  3188 | Ossuary  | Reached **** piety under Trog
  3271 | Ossuary  | Reached skill level 7 in Fighting
  3271 | Ossuary  | Reached skill level 7 in Unarmed Combat
  3434 | Ossuary  | Reached skill level 2 in Conjurations
  3434 | Ossuary  | Reached skill level 2 in Hexes
  3434 | Ossuary  | Reached skill level 2 in Summonings
  3434 | Ossuary  | Reached skill level 2 in Necromancy
  3434 | Ossuary  | Reached skill level 2 in Translocations
  3434 | Ossuary  | Reached skill level 2 in Transmutations
  3434 | Ossuary  | Reached skill level 2 in Fire Magic
  3434 | Ossuary  | Reached skill level 2 in Ice Magic
  3434 | Ossuary  | Reached skill level 2 in Air Magic
  3434 | Ossuary  | Reached skill level 2 in Earth Magic
  3434 | Ossuary  | Reached skill level 2 in Poison Magic
  3566 | D:4      | Identified the +7 war axe of the Sharing Asp {vorpal, rPois
                  | Int+7}
  3577 | D:4      | Found a blossoming altar of Fedhas.
  3837 | D:4      | Reached ***** piety under Trog
  3842 | D:4      | Found an ancient bone altar of Kikubaaqudgha.
  4013 | D:4      | Noticed Ijyb
  4014 | D:4      | Paralysed by Ijyb for 5 turns
  4022 | D:4      | Paralysed by Ijyb for 3 turns
  4027 | D:4      | Killed Ijyb
  4284 | D:5      | Entered Level 5 of the Dungeon
  4361 | D:5      | Found a staircase to the Ecumenical Temple.
  4400 | D:5      | Reached skill level 3 in Invocations
  4510 | D:5      | Reached XP level 8. HP: 67/67 MP: 12/12
  4664 | D:5      | Reached skill level 3 in Short Blades
  4664 | D:5      | Reached skill level 3 in Long Blades
  4664 | D:5      | Reached skill level 3 in Axes
  4664 | D:5      | Reached skill level 3 in Maces & Flails
  4664 | D:5      | Reached skill level 3 in Polearms
  4664 | D:5      | Reached skill level 3 in Staves
  4664 | D:5      | Reached skill level 3 in Slings
  4664 | D:5      | Reached skill level 3 in Bows
  4664 | D:5      | Reached skill level 3 in Crossbows
  4664 | D:5      | Reached skill level 3 in Throwing
  4664 | D:5      | Reached skill level 3 in Stealth
  4664 | D:5      | Reached skill level 3 in Shields
  4664 | D:5      | Reached skill level 3 in Spellcasting
  4664 | D:5      | Reached skill level 3 in Evocations
  4913 | D:5      | Found a runed translucent door.
  4913 | D:5      | Noticed DocClef's ghost (weakling GnDe)
  4914 | D:5      | Noticed a two-headed ogre
  5141 | D:5      | Killed DocClef's ghost
  5146 | D:5      | Killed a two-headed ogre
  5147 | D:5      | Reached skill level 6 in Armour
  5147 | D:5      | Reached skill level 6 in Dodging
  5147 | D:5      | Reached skill level 3 in Conjurations
  5147 | D:5      | Reached skill level 3 in Hexes
  5147 | D:5      | Reached skill level 3 in Summonings
  5147 | D:5      | Reached skill level 3 in Necromancy
  5147 | D:5      | Reached skill level 3 in Translocations
  5147 | D:5      | Reached skill level 3 in Transmutations
  5147 | D:5      | Reached skill level 3 in Fire Magic
  5147 | D:5      | Reached skill level 3 in Ice Magic
  5147 | D:5      | Reached skill level 3 in Air Magic
  5147 | D:5      | Reached skill level 3 in Earth Magic
  5147 | D:5      | Reached skill level 3 in Poison Magic
  5147 | D:5      | Reached skill level 4 in Invocations
  5400 | D:6      | Reached XP level 9. HP: 72/72 MP: 14/14
  5694 | D:6      | You pick up a book of Ice {forbidden} and begin reading...
  5694 | D:6      | You add the spells Freezing Cloud, Simulacrum and Polar
                  | Vortex to your library.
  5734 | D:6      | Found a broken altar of Ashenzari.
  6092 | D:6      | Reached skill level 4 in Short Blades
  6092 | D:6      | Reached skill level 4 in Long Blades
  6092 | D:6      | Reached skill level 4 in Axes
  6092 | D:6      | Reached skill level 4 in Maces & Flails
  6092 | D:6      | Reached skill level 4 in Polearms
  6092 | D:6      | Reached skill level 4 in Staves
  6092 | D:6      | Reached skill level 4 in Slings
  6092 | D:6      | Reached skill level 4 in Bows
  6092 | D:6      | Reached skill level 4 in Crossbows
  6092 | D:6      | Reached skill level 4 in Throwing
  6092 | D:6      | Reached skill level 4 in Stealth
  6092 | D:6      | Reached skill level 4 in Shields
  6092 | D:6      | Reached skill level 4 in Spellcasting
  6092 | D:6      | Reached skill level 4 in Evocations
  6474 | D:7      | Found a flagged portal.
  6483 | Bailey   | Entered a bailey
  6531 | Bailey   | Reached skill level 8 in Fighting
  6531 | Bailey   | Reached skill level 8 in Unarmed Combat
  6534 | Bailey   | HP: 13/74 [orc warrior/+0 halberd (8)]
  6534 | Bailey   | Mangled by an orc warrior

Vanquished Creatures
  A two-headed ogre (D:5)
  Sigmund (D:3)
  3 water moccasins
  A sky beast (D:6)
  A black bear (D:6)
  2 orc warriors (Bailey)
  An ice beast (D:7)
  A centaur (D:5)
  A scorpion (D:6)
  An electric eel (D:6)
  2 centaur zombies (Ossuary)
  2 orc priests
  A jelly (D:5)
  2 gnoll shamans
  5 hounds
  A human zombie (Ossuary)
  An iguana (D:4)
  Ijyb (D:4)
  Natasha (twice) (D:3)
  2 mummies (Ossuary)
  Robin (D:2)
  7 gnolls
  10 adders
  A shadow imp (D:6)
  A white imp (D:6)
  3 adder zombies (Ossuary)
  3 worms
  The ghost of DocClef the Covert, a weakling GnDe (D:5)
  5 dart slugs
  18 orcs
  6 bats
  10 endoplasms
  4 giant cockroaches
  14 hobgoblins
  4 jackals (D:1)
  7 kobolds
  5 quokkas
  9 ball pythons
  4 frilled lizards
  14 goblins
  A goblin zombie (Ossuary)
  13 hobgoblin zombies (Ossuary)
  A jackal zombie (D:4)
  8 kobold zombies (Ossuary)
  8 orc zombies (Ossuary)
  5 rats
  A rat zombie (Ossuary)
196 creatures vanquished.

Vanquished Creatures (others)
  A fungus (D:1)
  A plant (D:1)
2 creatures vanquished.

Grand Total: 198 creatures vanquished

Table legend:
 A = Non-vault XP
 B = Vault XP
 C = Vault XP percentage of total XP
 D = Non-vault monster count
 E = Vault monster count
 F = Vault count percentage of total count
                 A         B        C        D         E       F
            +---------+---------+-------+---------+---------+-------
      Total |    1991 |    1657 |  45.4 |     130 |      66 |  33.7
            +---------+---------+-------+---------+---------+-------
        D:1 |      53 |       2 |   3.6 |      30 |       1 |   3.2
        D:2 |      64 |      39 |  37.9 |      22 |      13 |  37.1
        D:3 |     153 |     249 |  61.9 |      28 |       2 |   6.7
        D:4 |     143 |      54 |  27.4 |      12 |       4 |  25.0
        D:5 |     481 |     836 |  63.5 |      16 |       2 |  11.1
        D:6 |     778 |       0 |   0.0 |      16 |       0 |   0.0
        D:7 |     319 |       0 |   0.0 |       6 |       0 |   0.0
    Ossuary |       0 |     214 | 100.0 |       0 |      39 | 100.0
     Bailey |       0 |     263 | 100.0 |       0 |       5 | 100.0
            +---------+---------+-------+---------+---------+-------

Illustrated notes

Table legend:
 A = Kills in this place as a percentage of kills in entire the game.
 B = Kills by you in this place as a percentage of kills by you in the entire game.
 C = Kills by friends in this place as a percentage of kills by friends in the entire game.
 D = Other kills in this place as a percentage of other kills in the entire game.
 E = Experience gained in this place as a percentage of experience gained in the entire game.
 F = Experience gained in this place divided by the number of levels of this place that you have seen.
                   A       B       C       D       E      F
               +-------+-------+-------+-------+-------+----------------------
         Total | 100.0 | 100.0 |   N/A |   N/A | 100.0 | 405.3
       Dungeon |  77.6 |  77.6 |   N/A |   N/A |  86.9 | 453.0
       Ossuary |  19.9 |  19.9 |   N/A |   N/A |   5.9 | 214.0
        Bailey |   2.6 |   2.6 |   N/A |   N/A |   7.2 | 263.0
               +-------+-------+-------+-------+-------+----------------------

Table legend: (Time is in decaauts)
 A = Elapsed time spent in this place.
 B = Non-inter-level travel time spent in this place.
 C = Inter-level travel time spent in this place.
 D = Time resting spent in this place.
 E = Time spent auto-exploring this place.
 F = Levels seen in this place.
 G = Mean time per level.
                   A        B        C        D        E       F      G
               +--------+--------+--------+--------+--------+-----+--------+
         Total |   6550 |   6245 |    305 |    133 |   5124 |   9 |  727.8 |
       Dungeon |   6125 |   5820 |    305 |    130 |   4840 |   7 |  875.0 |
       Ossuary |    377 |    377 |      0 |      2 |    262 |   1 |  377.0 |
        Bailey |     47 |     47 |      0 |      0 |     22 |   1 |   47.0 |
               +--------+--------+--------+--------+--------+-----+--------+

Top non-repeatable levels by time:
     D:5: 1087 daAuts
     D:6: 1061 daAuts
     D:3: 1057 daAuts
     D:2: 988 daAuts
     D:1: 948 daAuts
     D:4: 919 daAuts
 Ossuary: 377 daAuts
     D:7: 62 daAuts
  Bailey: 47 daAuts
